Map: Tropical Sacrifice

Players

DmeR - Winner!

  • Race: Zerg Zerg
  • League: Silver
  • Spawn Location: 7:00

Raimnest

  • Race: Protoss Protoss
  • League: Silver
  • Spawn Location: 1:00

VOD

Have the link to the VOD?

Description

Time

  • Played on: Aug. 18, 2022, 6:08 a.m.
  • Length: 11:35
Show
View Real Time Build Order
Export as new Build Order

DmeR Zerg - Winner!

Build Orders: Pool First 

Get SALT Encoding   

  12  0:00  Drone  
  13  0:13  Overlord  
  13  0:19  Drone  
  14  0:32  Drone  
  14  0:33  Drone  
  16  0:38  Drone  
  17  0:46  Spawning Pool  
  16  0:50  Drone  
  16  0:54  Extractor  
  16  1:01  Drone  
  17  1:10  Drone  
  18  1:26  Hatchery  
  18  1:28  Drone  
  18  1:37  Drone  
  19  1:43  Drone  
  19  1:44  Queen  
  22  1:51  Overlord  
  22  2:11  Drone  
  22  2:12  Overlord  
  23  2:26  Drone  
  24  2:34  Drone  
  25  2:38  Drone  
  25  2:42  Queen  
  28  2:52  Drone  
  28  2:53  Drone  
  28  2:54  Overlord  
  28  2:55  Overlord  
  28  2:57  Drone x2  
  32  3:03  Queen  
  34  3:09  Drone x2  
  36  3:22  Overlord  
  36  3:26  Drone x2  
  38  3:43  Drone x3  
  38  3:44  Overlord x3  
  41  3:56  Extractor  
  41  4:00  Extractor  
  41  4:01  Drone x2  
  41  4:03  Extractor  
  41  4:04  Drone x2  
  42  4:20  Lair  
  42  4:22  Drone x3, Roach Warren  
  44  4:29  Drone x3  
  44  4:30  Overlord  
  47  4:36  Drone  
  47  4:38  Drone  
  49  4:48  Drone x2  
  51  5:02  Roach x5  
  51  5:03  Roach x2  
  65  5:22  Drone x2  
  65  5:25  Evolution Chamber, Hatchery  
  65  5:38  Roach  
  65  5:39  Roach x7  
  81  5:53  Zerg Missile Weapons Level 1  
  81  6:07  Roach  
  81  6:08  Roach x4  
  91  6:21  Roach x4, Overlord  
  91  6:23  Overlord x2  
  99  6:39  Drone x3  
  102  6:40  Overlord  
  102  6:41  Overlord x2  
  102  6:44  Glial Reconstitution  
  102  6:57  Hydralisk Den  
  101  7:01  Roach  
  101  7:02  Roach x6  
  101  7:03  Evolution Chamber  
  101  7:08  Roach x3  
  120  7:23  Roach  
  120  7:24  Roach x7  
  120  7:27  Muscular Augments  
  136  7:31  Zerg Ground Armor Level 1  
  136  7:44  Drone x3  
  138  7:45  Roach x6  
  138  7:46  Roach  
  153  7:53  Drone  
  153  7:55  Overlord x2  
  152  8:09  Roach x2  
  148  8:14  Roach  
  148  8:15  Roach x7, Hydralisk x2  
  148  8:16  Hydralisk  
  148  8:19  Extractor  
  161  8:24  Roach  
  161  8:25  Roach  
  149  8:29  Zerg Missile Weapons Level 2  
  137  8:37  Hydralisk  
  137  8:38  Hydralisk x3  
  137  8:39  Grooved Spines  
  129  8:48  Drone  
  129  8:49  Drone x3  
  129  8:54  Drone  
  129  8:55  Drone x3  
  137  8:57  Roach  
  137  8:58  Roach x3  
  137  9:02  Roach  
  147  9:08  Roach  
  149  9:14  Roach  
  149  9:15  Roach x3  
  157  9:22  Roach  
  157  9:23  Roach x5  
  169  9:24  Overlord x2  
  159  9:33  Roach, Hydralisk x2  
  151  9:39  Roach  
  151  9:41  Roach  
  151  9:42  Roach x3  
  151  9:45  Roach  
  149  9:52  Queen  
  151  10:13  Roach  
  157  10:14  Roach x11  
  163  10:28  Roach x3  
  161  10:35  Roach  
  149  11:00  Hydralisk x8  
  165  11:05  Hydralisk  
  165  11:09  Hatchery  
Show
View Real Time Build Order
Export as new Build Order

Raimnest Protoss 

Build Orders: 1 Gate Expand 

Get SALT Encoding   

  12  0:01  Probe  
  13  0:16  Probe  
  14  0:28  Probe  
  14  0:29  Pylon  
  15  0:47  Probe (Chrono Boost)  
  16  0:50  Gateway  
  16  0:59  Probe (Chrono Boost)  
  16  1:03  Assimilator  
  17  1:08  Probe (Chrono Boost)  
  18  1:14  Probe  
  19  1:26  Probe  
  19  1:32  Nexus  
  20  1:48  Cybernetics Core  
  20  1:53  Gateway  
  20  1:59  Zealot (Chrono Boost)  
  21  2:11  Pylon  
  21  2:12  Probe  
  22  2:29  Zealot (Chrono Boost)  
  24  2:34  Probe  
  24  2:35  Assimilator  
  25  2:44  Probe  
  25  2:46  Probe  
  25  2:47  Shield Battery  
  25  2:49  Shield Battery  
  27  2:53  Stalker (Chrono Boost)  
  27  2:56  Probe  
  30  3:12  Probe x2  
  32  3:18  Warp Gate (Chrono Boost)  
  32  3:22  Stalker (Chrono Boost)  
  32  3:24  Probe x2  
  36  3:36  Probe x2  
  38  3:43  Gateway  
  38  3:45  Gateway  
  39  3:48  Probe  
  39  3:50  Probe  
  39  3:53  Pylon  
  40  4:05  Probe (Chrono Boost)  
  40  4:08  Probe (Chrono Boost)  
  42  4:11  Robotics Facility  
  42  4:16  Probe (Chrono Boost)  
  44  4:20  Probe (Chrono Boost)  
  44  4:21  Probe (Chrono Boost)  
  45  4:29  Probe  
  49  4:31  Probe  
  47  4:41  Probe  
  47  4:43  Probe  
  49  4:46  Gateway  
  49  4:47  Gateway  
  49  4:49  Gateway  
  49  4:50  Gateway  
  49  4:51  Gateway  
  49  4:53  Probe  
  49  4:55  Probe  
  51  5:01  Twilight Council  
  51  5:03  Pylon  
  51  5:05  Pylon  
  51  5:08  Pylon  
  51  5:12  Probe x2  
  53  5:15  Pylon  
  53  5:18  Assimilator  
  53  5:20  Assimilator  
  53  5:36  Charge (Chrono Boost)  
  53  5:39  Templar Archives  
  53  5:44  Zealot x2  
  53  5:45  Zealot x4  
  66  5:50  Observer (Chrono Boost)  
  68  6:01  Zealot x2  
  68  6:02  Zealot  
  72  6:15  Sentry x2  
  72  6:17  Stalker x4  
  84  6:30  Pylon  
  84  6:34  Pylon  
  84  6:43  Zealot  
  86  6:48  Immortal  
  86  6:49  Pylon  
  86  6:51  Zealot  
  86  6:52  Zealot x2, Pylon  
  96  6:57  High Templar  
  96  6:58  High Templar x2  
  102  7:09  High Templar  
  102  7:13  Zealot x3  
  102  7:14  Zealot  
  112  7:26  Immortal (Chrono Boost)  
  116  7:52  Warp Prism (Chrono Boost)  
  98  8:17  Zealot  
  98  8:18  Zealot x6  
  98  8:30  Zealot x2  
  92  8:44  Zealot x2  
  92  8:45  Zealot x4  
  104  8:56  Archon  
  104  8:57  Archon  
  106  9:05  Zealot x5  
  106  9:06  Zealot  
  96  9:36  Zealot x3  
  96  9:37  Zealot x5  
  96  9:38  Zealot  
  48  9:58  Zealot x5  
  48  9:59  Zealot x3  
  60  10:11  Zealot  
  58  10:20  Zealot x7  
  62  10:29  Zealot  
  62  10:31  Zealot  
  60  10:42  Zealot x3  
  58  10:55  Zealot x3  
  64  11:03  High Templar x4  
  72  11:07  Zealot  
  72  11:14  Archon  
  72  11:17  Zealot x2  
  48  11:23  Zealot x2  
Tags
 
Add a new tag
Caveats
  • Supply blocks, unpowered buildings, or Contaminate may cause inaccurate times.
  • Supply counts are checked every 10 seconds.